 Dungeon Crawl Stone Soup version 0.29.1-13-g9f3cf754e1 (webtiles) character file.

Game seed: 4664024260028625121

7 CungeonDrawl the Firebug (level 1, -3/13 HPs)
             Began as a Demonspawn Fire Elementalist on Jan 26, 2023.
             Slain by a gnoll
             ... wielding a +0 whip
              (6 damage)
             ... on level 1 of the Dungeon.
             The game lasted 00:01:10 (343 turns).

CungeonDrawl the Firebug (DsFE)                      Turns: 343, Time: 00:01:11

Health: -3/13      AC:  2    Str:  8    XL:     1   Next: 83%
Magic:  0/3        EV: 12    Int: 16    God:
Gold:   26         SH:  0    Dex: 13    Spells: 3/4 levels left

rFire   . . .      SeeInvis .   (no weapon)
rCold   . . .      Faith    .   (no shield)
rNeg    . . .      Spirit   .   a - +0 robe
rPois   .          Reflect  .   (no helmet)
rElec   .          Harm     .   (no cloak)
rCorr   .          Rampage  .   (no gloves)
Will    .....                   (no boots)
Stlth   ++........              (no amulet)
HPRegen 0.04/turn               (no ring)
MPRegen 0.08/turn               (no ring)

@: no status effects
A: no striking features
a: no special abilities


You were on level 1 of the Dungeon.
You visited 1 branch of the dungeon, and saw 1 of its levels.

You collected 26 gold pieces.

Inventory:

Armour
 a - a +0 robe (worn)
 c - a +0 kite shield
Potions
 b - a potion of magic


   Skills:
 - Level 1.8 Dodging
 - Level 1.8 Stealth
 + Level 2.1 Spellcasting
 + Level 1.2 Conjurations
 + Level 2.8 Fire Magic


You had 3 spell levels left.
You knew the following spells:

 Your Spells              Type           Power      Damage    Failure   Level
a - Foxfire               Conj/Fire      32%        2x1d5     9%          1

Your spell library contained the following spells:

 Spells                   Type           Power      Damage    Failure   Level
 Scorch                   Fire           20%        2d6       10%         2
 Conjure Flame            Conj/Fire      8%         6-21      26%         3
 Inner Flame              Hex/Fire       6%         N/A       34%         3
 Flame Wave               Conj/Fire      8%         2d5       65%         4


Dungeon Overview and Level Annotations

Branches:
Dungeon (1/15)

Altars:


Message History

You conjure some foxfire!
The foxfire hits the bat.
You kill the bat!
Your foxfire dissipates! x2
You now have 26 gold pieces (gained 6).
A frilled lizard comes into view.
You conjure some foxfire!
You conjure some foxfire!
The foxfire hits the frilled lizard.
You kill the frilled lizard!
Your foxfire dissipates!
Your foxfire dissipates!
A bat comes into view.
You conjure some foxfire!
The foxfire hits the bat.
The bat is moderately wounded.
You conjure some foxfire!
The foxfire hits the bat but does no damage.
The bat is moderately wounded.
The bat hits you but does no damage.
The foxfire hits the bat.
You kill the bat!
Your foxfire dissipates!
A gnoll comes into view. It is wielding a +0 whip.
The gnoll shouts!
You conjure some foxfire!
You conjure some foxfire!
You conjure some foxfire!
The foxfire hits the gnoll but does no damage. x3
The foxfire hits the gnoll.
The gnoll is lightly wounded.
You are out of magic!
The foxfire hits the gnoll but does no damage.
The gnoll is lightly wounded.
The foxfire hits the gnoll.
The gnoll is moderately wounded.
The gnoll attacks as you move away! The gnoll closely misses you.
The gnoll attacks as you move away! The gnoll hits you with a +0 whip!
Ouch! That really hurt!
* * * LOW HITPOINT WARNING * * *
The gnoll attacks as you move away! The gnoll hits you with a +0 whip.
You die...

##.#####.#.# ... #........#.# .#
#.# #g. #.#.# #.# #.# ##..
#.#.######.#. # #.#
...#####........†....#######.#
#.###.#........#####.#........†..
...............# #.#..#######..
#...#.#........#####.#..#........
#. ###########g@..........#####.
#...##.#####'#####.
#...#..#.........#.
#...#.##.........#.
#...#.##..⌠...⌠..#.
#...#.##.........#.
#####..+....<....+.
#.##.........#. #.##..⌠...⌠..#.


You could see a gnoll.

Vanquished Creatures
  2 bats (D:1)
  2 endoplasms (D:1)
  A hobgoblin (D:1)
  A frilled lizard (D:1)
6 creatures vanquished.

Vanquished Creatures (others)
  26 foxfires (D:1)
26 creatures vanquished.

Grand Total: 32 creatures vanquished

Notes
Turn   | Place    | Note
-------+----------+-------------------------------------------
     0 | D:1      | CungeonDrawl the Demonspawn Fire Elementalist began the
                  | quest for the Orb.
     0 | D:1      | Reached XP level 1. HP: 13/13 MP: 3/3
   343 | D:1      | Slain by a gnoll

Illustrated notes

Levels and vault maps discovered:
D:1:      mushboom_english_gardens, layout_basic,
          shapermc_ecumenical_altar_acropolis, kennysheep_pointless_box,
          minmay_quantized

Action                   || total
-------------------------++-------
 Cast: Foxfire           ||    15
Armor: Robe              ||     1
Dodge: Dodged            ||     4
